 Dungeon Crawl Stone Soup version 0.31-a0-835-g2a3a5bc3be (webtiles) character file.

Game seed: 10177622328230748257

126 Ivernyr the Changeling (level 5, -1/25 HPs)
             Began as a Vine Stalker Shapeshifter on Sept 26, 2023.
             Shot with an arrow by a centaur (12 damage)
             ... on level 5 of the Dungeon.
             The game lasted 00:03:08 (1229 turns).

Ivernyr the Changeling (Vine Stalker Shapeshifter)  Turns: 1229, Time: 00:03:08

Health: -1/25      AC:  2    Str: 19    XL:     5   Next: 10%
Magic:  0/6        EV: 12    Int: 10    God:
Gold:   155        SH:  0    Dex: 13    Spells: 4/4 levels left

rFire   . .          .
                       - Unarmed
rCold   . . .        (no shield)
rNeg    . . .        a - +0 animal skin
rPois   .            (helmet currently unavailable)
rElec   .            (cloak currently unavailable)
rCorr   .            (gloves currently unavailable)
SInv    .            (boots currently unavailable)
Will    .....        (no amulet)
Stlth   +            (no ring)
HPRegen 1.04/turn    (no ring)
MPRegen 0.10/turn

%: guardian spirit
@: beast-form
A: beast (slay +2), fangs 2, regeneration 1, magic shield, antimagic bite, no
potion heal 2
a: Begin Untransformation


You were on level 5 of the Dungeon.
You were a hulking beast.
You visited 1 branch of the dungeon, and saw 5 of its levels.

You collected 155 gold pieces.

Inventory:

Armour
 a - a +0 animal skin (worn)
 i - a +0 helmet
 k - a +0 cloak
Jewellery
 f - a ring of ice
Talismans
 c - a beast talisman (active)
 d - a flux talisman
Scrolls
 e - 4 scrolls of identify {unknown}
 g - a scroll of immolation {unknown}
 h - 4 scrolls of fog {unknown}
 l - a scroll of torment {unknown}
 m - a scroll of blinking {unknown}
Potions
 b - a potion of lignification
 j - 2 potions of curing {unknown}


   Skills:
 - Level 1.3 Fighting
 - Level 1.9 Dodging
 - Level 3.2 Unarmed Combat
 * Level 4.8 Shapeshifting


You had 4 spell levels left.
You didn't know any spells.
Your spell library contained the following spells:

 Spells                   Type           Power      Damage    Failure   Level
 Sandblast                Erth           0%         2d4       36%         1
 Sting                    Tmut/Pois      0%         1d3       36%         1
 Summon Small Mammal      Summ           0%         N/A       36%         1
 Passwall                 Tmut/Erth      0%         N/A       50%         2
 Poisonous Vapours        Pois/Air       0%         N/A       50%         2
 Call Canine Familiar     Summ           0%         N/A       75%         3
 Sigil of Binding         Hex            0%         N/A       75%         3
 Stone Arrow              Conj/Erth      0%         3d7       75%         3
 Summon Guardian Golem    Hex/Summ       0%         N/A       75%         3
 Brom's Barrelling Bould  Conj/Erth      0%         2d3       98%         4
 Dimensional Bullseye     Hex/Tloc       0%         N/A       98%         4
 Leda's Liquefaction      Hex/Erth       0%         N/A       98%         4
 Olgreb's Toxic Radiance  Pois           0%         N/A       98%         4


Dungeon Overview and Level Annotations

Branches:
Dungeon (6/15)
 Temple: D:4-7

Altars:
Yredelemnul


Innate Abilities, Weirdness & Mutations

You are a hulking beast.
Your limbs bulge with bestial killing power. (Slay +2)
You have extremely sharp teeth.
Your natural rate of healing is unusually fast.
When hurt, damage is shared between your health and your magic reserves.
Your bite disrupts and absorbs the magic of your enemies.
Potions cannot restore your health.


Message History

You see here a hobgoblin corpse.
Found a fuming black potion.
You see here the orb of Protective Custody {*Rage, rF+ rCorr Int+3}.
m - a scroll labelled YNOQEDOOVA A gnoll comes into view.
It is wielding a +0 halberd.
A gnoll is nearby!
You see here a hobgoblin corpse.
A malevolent force fills the Dungeon...
You fall into a shaft and drop 3 floors!
The shaft crumbles and collapses.
You hear the sound of rushing water.
There is an entrance to a sewer on this level.
Hurry and find it before the portal rusts away!
Found a stone staircase leading down.
Unknown command.
Found a scroll labelled XETAUM VYURUID.
Found a ring mail.
Found a stone staircase leading up.
Found 15 gold pieces.
Found a scroll labelled MIEHUPR OMILEADGH.
You see here a +0 ring mail.
An iguana comes into view.
The iguana hisses angrily.
There is a stone staircase leading up here.
You climb upwards.
There is a stone staircase leading down here.
You now have 155 gold pieces (gained 13).
Found 3 curare-tipped darts.
You see here 3 curare-tipped darts.
A lemure comes into view.
A centaur comes into view.
The centaur shouts!
You hear a shout! x3
The centaur wields a +0 shortbow.
The centaur shoots an arrow.
The arrow hits you!
The centaur shoots an arrow.
The arrow hits you.
You hear a shout! x3
You see here 3 curare-tipped darts.
The centaur shoots an arrow.
The arrow hits you.
The centaur shoots an arrow.
The arrow hits you.
* * * LOW HITPOINT WARNING * * *
The centaur shoots an arrow.
The arrow hits you!
You die...

#.### ....#. 5...
##...... ...#
##..... ... #.....
#..# #...# ###c..##
#..# '.....# #h.#
#...# #.>##########
#.#...##
#..##........
#......##
#......######
#.......#####.....##
##..####(...c###..#
#.# ####### ##.##
..# ##.# ##. ###


You could see a centaur.

Vanquished Creatures
  A howler monkey (D:3)
  Natasha (twice) (D:2)
  2 adders
  A dart slug (D:1)
  6 ball pythons
  A goblin (D:1)
  2 hobgoblins
  A quokka (D:1)
  4 bats
  A frilled lizard (D:2)
  2 kobolds (D:2)
  2 rats
25 creatures vanquished.

Notes
Turn   | Place    | Note
-------+----------+-------------------------------------------
     0 | D:1      | Ivernyr the Vine Stalker Shapeshifter began the quest for
                  | the Orb.
     0 | D:1      | Reached XP level 1. HP: 9/9 MP: 2/2
   126 | D:1      | Found a faded altar of an unknown god.
   130 | D:1      | Reached skill level 1 in Fighting
   321 | D:1      | Reached XP level 2. HP: 14/14 MP: 3/3
   475 | D:2      | Reached XP level 3. HP: 10/18 MP: 1/4
   836 | D:2      | Noticed Natasha
   841 | D:2      | Killed Natasha
   846 | D:2      | Found a basalt altar of Yredelemnul.
   878 | D:2      | Noticed Natasha
   883 | D:2      | Killed Natasha
   884 | D:2      | Reached skill level 4 in Shapeshifting
   884 | D:2      | Reached XP level 4. HP: 7/22 MP: 1/5
  1164 | D:3      | Reached XP level 5. HP: 22/25 MP: 4/6
  1167 | D:3      | Identified the orb of Protective Custody {*Rage, rF+ rCorr
                  | Int+3}
  1172 | D:3      | You fall into a shaft and drop 3 floors!
  1190 | D:5      | Entered Level 5 of the Dungeon
  1217 | D:5      | Noticed a lemure
  1217 | D:5      | Noticed a centaur
  1229 | D:5      | Shot with an arrow by a centaur

Illustrated notes

Levels and vault maps discovered:
D:1:      minmay_arrival_shattered_statue, layout_basic,
          hellmonk_ecumenical_altar_arch_garden
D:2:      layout_rooms, basic_altar, uniq_natasha
D:3:      layout_loops_ring, uniq_sigmund
D:5:      layout_layer_cave, mainiacjoe_overflow_surrounded_room,
          nicolae_overflows_in_rows, gammafunk_ghost_smash,
          nicolae_nh_ransacked_shop, uniq_pikel
D:6:      layout_basic, portal_sewer_entry_a, uniq_blork_the_orc

Skill      XL: |  1  2  3 |
---------------+----------+-----
Fighting       | 1 |  1.3
Shapeshifting  | 4 |  4.8
Dodging        | |  1.9
Unarmed Combat | |  3.2

Action                     |  1- 3 |  4- 6 || total
---------------------------+-------+-------++-------
  Melee: Unarmed           |    51 |    10 ||    61
         Bite              |    13 |     4 ||    17
         Punch             |     1 |       ||     1
   Stab: Sleeping          |     1 |       ||     1
 Armour: Animal skin       |    25 |    12 ||    37
  Dodge: Dodged            |    32 |     3 ||    35

Table legend: (Time is in decaauts)
 A = Elapsed time spent in this place.
 B = Non-inter-level travel time spent in this place.
 C = Inter-level travel time spent in this place.
 D = Time resting spent in this place.
 E = Time spent auto-exploring this place.
 F = Levels seen in this place.
 G = Mean time per level.
                   A        B        C        D        E       F      G
               +--------+--------+--------+--------+--------+-----+--------+
         Total |   1223 |   1176 |     47 |     50 |    877 |   5 |  244.6 |
       Dungeon |   1223 |   1176 |     47 |     50 |    877 |   5 |  244.6 |
               +--------+--------+--------+--------+--------+-----+--------+

Top non-repeatable levels by time:
     D:2: 567 daAuts
     D:1: 443 daAuts
     D:3: 155 daAuts
     D:5: 38 daAuts
     D:6: 17 daAuts
